 Dungeon Crawl Stone Soup version 0.21.1-1-g345015f (webtiles) character file.

93 Fang the Skirmisher (level 4, -1/29 HPs)
             Began as a Gargoyle Berserker on June 4, 2018.
             Was a Believer of Trog.
             Slain by a hobgoblin
             ... wielding a cursed +0 club
             ... led by Robin
              (4 damage)
             ... on level 2 of the Dungeon.
             The game lasted 00:00:55 (1020 turns).

Fang the Skirmisher (Gargoyle Berserker)            Turns: 1020, Time: 00:00:56

Health: -1/29      AC:  5    Str: 22    XL:     4   Next: 61%
Magic:  4/4        EV: 12    Int:  7    God:    Trog [**....]
Gold:   117        SH:  0    Dex:  9    Spells: 3/3 levels left

rFire    . . .     SeeInvis .   a - +0 hand axe
rCold    . . .     Gourm    .   (no shield)
rNeg     + . .     Faith    .   b - +0 animal skin
rPois    ∞         Spirit   .   (no helmet)
rElec    +         Reflect  .   (no cloak)
rCorr    .         Harm     .   (no gloves)
MR       .....                  (no boots)
Stlth    +.........             (no amulet)
HPRegen  0.09/turn              (no ring)
MPRegen  0.09/turn              (no ring)

@: berserk cooldown, slowed, very slow
A: negative energy resistance 1, electricity resistance, unbreathing,
petrification resistance, rot immunity, AC +3
a: Berserk, Trog's Hand, Burn Spellbooks, Renounce Religion


You were on level 2 of the Dungeon.
You worshipped Trog.
Trog was pleased with you.
You were not hungry.

You visited 1 branch of the dungeon, and saw 2 of its levels.

You collected 117 gold pieces.

Inventory:

Hand Weapons
 a - a +0 hand axe (weapon)
Armour
 b - a +0 animal skin (worn)
Scrolls
 d - a scroll of remove curse {unknown}
 e - a scroll of enchant weapon {unknown}
 g - a scroll of blinking {unknown}
Potions
 f - a potion of haste {unknown}
 h - 2 potions of heal wounds {unknown}
Comestibles
 c - a ration


   Skills:
 + Level 4.1 Fighting
 + Level 3.8 Axes
 + Level 2.3 Armour
 + Level 2.1 Dodging
 + Level 0.1 Stealth


You had 3 spell levels left.
You didn't know any spells.

Dungeon Overview and Level Annotations

Branches:
Dungeon (2/15)

Altars:


Innate Abilities, Weirdness & Mutations

You are resistant to torment.
Your stone body is resilient. (AC +3)
You are immune to poison.
You resist negative energy. (rN+)
You are resistant to electric shocks. (rElec)
You can survive without breathing.
You are immune to petrification.
You are immune to rotting.


Message History

You kill Robin!
Trog accepts your kill.
You barely miss the goblin. The goblin closely misses you.
The hobgoblin barely misses you. 3 goblins come into view.
The goblin shouts! x3
The goblin moves out of view.
The hobgoblin closely misses you.
Items here: ) [[ † a hand axe; an animal skin; a glowing helmet; the hobgoblin corpse of Robin Unknown command.
You closely miss the hobgoblin. You slash the hobgoblin!
You kill the hobgoblin!
Trog accepts your kill.
You barely miss the goblin.
You are no longer berserk.
You are exhausted.
You feel yourself slow down. The goblin hits you with a club.
* * * LOW HITPOINT WARNING * * *
The hobgoblin hits you with a club.
You die...

#(.....###
##........
##)####...
#).# . #.##
##)# ##).#
#$)##..#
#@g†..#
.....g)g.####
...g##g.## ..
.... ###.#
#.# #.# #.#


You could see a hobgoblin and 4 goblins.

Vanquished Creatures
  Jessica (D:2)
  Robin (D:2)
  An ooze (D:1)
  A worm (D:2)
  2 dart slugs (D:1)
  A leopard gecko (D:2)
  6 bats
  2 giant cockroaches (D:1)
  10 goblins
  5 hobgoblins
  4 jackals (D:2)
  2 frilled lizards (D:1)
  4 kobolds (D:1)
  A rat (D:1)
41 creatures vanquished.

Notes
Turn   | Place    | Note
-------+----------+-------------------------------------------
     0 | D:1      | Fang the Gargoyle Berserker began the quest for the Orb.
     0 | D:1      | Reached XP level 1. HP: 14/14 MP: 1/1
    38 | D:1      | Reached XP level 2. HP: 18/19 MP: 2/2
   300 | D:1      | Reached XP level 3. HP: 19/24 MP: 3/3
   385 | D:1      | Reached ** piety under Trog
   842 | D:2      | Reached skill level 4 in Fighting
   862 | D:2      | Noticed Jessica
  1004 | D:2      | Noticed Robin
  1010 | D:2      | Killed Jessica
  1010 | D:2      | Reached XP level 4. HP: 20/29 MP: 4/4
  1018 | D:2      | Killed Robin
  1020 | D:2      | Slain by a hobgoblin

Skill      XL: |  1  2  3 |
---------------+----------+-----
Axes           | 3 |  3.8
Fighting       | 4 |  4.1
Dodging        | 2 |  2.1
Armour         | |  2.3
Stealth        | |  0.1

Action                   |  1- 3 |  4- 6 || total
-------------------------+-------+-------++-------
Melee: Hand axe          |   101 |     6 ||   107
Invok: Berserk           |     2 |       ||     2
  Eat: Ration            |     1 |       ||     1
Armor: Animal skin       |    55 |     4 ||    59
Dodge: Dodged            |    97 |    10 ||   107
